 Dungeon Crawl Stone Soup version 0.20-a0-339-g8ddb3e8 (webtiles) character file.

1938 RumaTero the Basher (level 8, -1/97 HPs)
             Began as a Demonspawn Monk on Dec 22, 2016.
             Was a Believer of Ru.
             Slain by a two-headed ogre
             ... wielding a cursed -2 giant club
              (2 damage)
             ... on level 8 of the Dungeon.
             The game lasted 00:26:47 (9296 turns).

RumaTero the Basher (Demonspawn Monk)               Turns: 9296, Time: 00:26:47

Health: -1/97      AC: 24    Str: 13    XL:     8   Next: 97%
Magic:  8/8        EV:  2    Int: 11    God:    Ru [**....]
Gold:   200        SH:  0    Dex: 17    Spells: 7/7 levels left

rFire  . . .     SeeInvis .     N - +1 whip (drain)
rCold  . . .     Gourm    .     (armour currently unavailable)
rNeg   + + +     Faith    .     (no shield)
rPois  +         Spirit   .     (helmet currently unavailable)
rElec  .         Reflect  .     (cloak currently unavailable)
rCorr  .         Harm     .     (gloves currently unavailable)
MR     .....     NoTele   +     (boots currently unavailable)
Stlth  ++........               (no amulet)
                                G - ring of poison resistance
                                E - +3 ring of evasion

@: tree-form
A: (horns 0), repulsion field 1, foul stench 1, rot immunity, inability to train
dodging, reduced EV 1
a: Renounce Religion


You were on level 8 of the Dungeon.
You worshipped Ru.
Ru was pleased with you.
You were not hungry.
You were a tree.
You visited 2 branches of the dungeon, and saw 9 of its levels.

You collected 270 gold pieces.
You spent 70 gold pieces at shops.

Inventory:

Hand Weapons
 a - a +0 mace
 l - a +0 flail
 x - a +0 dagger of electrocution
 A - a +2 hand axe of flaming
 J - a +0 dire flail
 N - a +1 whip of draining (weapon)
Missiles
 w - 13 javelins (quivered)
Armour
 b - a +0 robe
 h - a +1 pair of boots (melded)
 k - a +0 chain mail (melded)
 m - a +0 leather armour
 o - a +0 ring mail
 p - a +0 cloak (melded)
 z - a +0 ring mail
 D - a +0 pair of gloves (melded)
Jewellery
 r - an uncursed ring of teleportation
 E - a +3 ring of evasion (left branch)
 G - a ring of poison resistance (right branch)
Wands
 g - a wand of polymorph (15/24)
 i - a wand of flame (21/48)
 u - a wand of slowing (34/48)
 H - a wand of disintegration (16/24)
Scrolls
 d - 2 scrolls of teleportation
 e - a scroll of enchant armour
 n - 4 scrolls of amnesia {unknown}
 v - a scroll of summoning {unknown}
 y - 2 scrolls of fear {unknown}
 B - 2 scrolls of blinking {unknown}
 C - a scroll of silence {unknown}
 F - 6 scrolls of identify
 I - a scroll of immolation {unknown}
 L - 2 scrolls of enchant weapon {unknown}
 O - a scroll of holy word {unknown}
Potions
 j - a potion of flight
 q - a potion of resistance
 s - a potion of lignification
 t - a potion of cure mutation
 K - a potion of berserk rage {unknown}
Comestibles
 c - 3 bread rations
 f - 3 meat rations
 M - 2 beef jerkies
 P - 2 chunks of flesh


   Skills:
 + Level 6.4 Fighting
 * Level 8.1 Maces & Flails
 + Level 5.1 Armour
 - Level 1.7 Stealth


You had 7 spell levels left.
You didn't know any spells.

Dungeon Overview and Level Annotations

Branches:
Dungeon (8/15)             Temple (1/1) D:6
   Lair: D:8-11

Altars:
Cheibriados
Dithmenos
Elyvilon
Fedhas
Gozag
Kikubaaqudgha
Makhleb
Nemelex Xobeh
Okawaru
Qazlal
Ru
Sif Muna
Uskayaw
Vehumet
Yredelemnul
Zin
The Shining One

Shops:
D:5 ??%}

Portals:
Bailey: D:8

Annotations:
D:7 yrara's ghost, novice GrGl


Innate Abilities, Weirdness & Mutations

((You have a pair of small horns on your head.))
You are surrounded by a mild repulsion field. (EV +2)
You may emit foul miasma when damaged in melee.
You are immune to rotting.
You cannot train Dodging skill.
You have somewhat slow reflexes. (EV -3)


Message History

There is an open door, spattered with blood here.
You see here a giant club.
There is a stone staircase leading up, spattered with blood here.
Quiver which item? (- for none, * to show all) (? for menu, Esc to quit)
Okay, then.
You turn into a tree.
Your +0 cloak melds into your body.
Your +0 pair of gloves melds into your body.
Your +1 pair of boots melds into your body.
Your +0 chain mail melds into your body.
Your roots penetrate the ground.
The two-headed ogre hits you with a giant club.
* * * LOW HITPOINT WARNING * * *
The two-headed ogre hits you with a giant club.
* * * LOW HITPOINT WARNING * * *
You hit the two-headed ogre. You drain the two-headed ogre!
The two-headed ogre is severely wounded.
You barely miss the two-headed ogre.
The two-headed ogre is severely wounded.
The two-headed ogre hits you with a giant club.
You die...

#...# #...#
#......#...#
#......#...#
#.$....#...#
+......#...#
#......#...#
####+##......#...#
.......#......#♣..#
.⌠..≈≈≈.......O...#
....≈≈≈.......#...#
#...≈≈≈.......#...#
#...≈≈≈....†..#...#
..≈≈≈≈≈.......#...#
.≈...≈........#..##
._.....⌠.##+######
....##..........


You could see a two-headed ogre.

Vanquished Creatures
  A water moccasin (D:8)
  An orc warrior (D:7)
  An ice beast (D:5)
  A phantom (D:3)
  2 ogres
  A big kobold (D:7)
  A bullfrog (D:7)
  Blork the orc (D:6)
  A scorpion (D:5)
  A howler monkey (D:8)
  3 crimson imps (D:5)
  A centaur zombie (D:7)
  2 hounds
  5 orc priests
  A jelly (D:6)
  7 orc wizards
  A centaur skeleton (D:4)
  A bullfrog skeleton (D:4)
  5 worker ants
  8 gnolls
  8 adders
  2 shadow imps
  5 oozes
  An adder skeleton (D:6)
  An adder zombie (D:5)
  4 worms
  A dart slug (D:5)
  5 leopard geckos
  29 orcs
  8 giant cockroaches
  2 goblins
  17 hobgoblins
  7 jackals
  10 kobolds
  A quokka (D:6)
  5 bats
  5 frilled lizards
  11 rats
167 creatures vanquished.

Vanquished Creatures (others)
  A hobgoblin (D:1)
  2 frilled lizards
3 creatures vanquished.

Grand Total: 170 creatures vanquished

Notes
Turn   | Place    | Note
-------+----------+-------------------------------------------
     0 | D:1      | RumaTero the Demonspawn Monk began the quest for the Orb.
     0 | D:1      | Reached XP level 1. HP: 18/18 MP: 1/1
   266 | D:1      | Reached skill level 3 in Maces & Flails
   266 | D:1      | Gained mutation: You are immune to rotting. [demonic ancestry]
   266 | D:1      | Reached XP level 2. HP: 16/24 MP: 2/2
   577 | D:1      | Reached skill level 1 in Armour
   888 | D:1      | Gained mutation: You may emit foul miasma when damaged in melee. [demonic ancestry]
   888 | D:1      | Reached XP level 3. HP: 29/29 MP: 3/3
  1879 | D:2      | Found a glowing golden altar of the Shining One.
  1882 | D:2      | Found a basalt altar of Yredelemnul.
  2356 | D:2      | Reached XP level 4. HP: 13/37 MP: 4/4
  3139 | D:2      | Found a blossoming altar of Fedhas.
  3171 | D:2      | Found a stormy altar of Qazlal.
  3253 | D:2      | Noticed an angel
  3305 | D:3      | Reached skill level 4 in Maces & Flails
  3373 | D:3      | Gained mutation: You have a pair of small horns on your head. [demonic ancestry]
  3373 | D:3      | Reached XP level 5. HP: 42/42 MP: 5/5
  3435 | D:3      | Found a snail-covered altar of Cheibriados.
  3794 | D:3      | Found a faded altar of an unknown god.
  3999 | D:3      | Noticed a phantom
  4038 | D:3      | Killed a phantom
  4038 | D:3      | Gained mutation: You are surrounded by a mild repulsion field. (EV +2) [demonic ancestry]
  4038 | D:3      | Reached XP level 6. HP: 34/49 MP: 6/6
  4683 | D:4      | Reached skill level 5 in Maces & Flails
  4753 | D:4      | Found a deep blue altar of Sif Muna.
  4832 | D:4      | Reached XP level 7. HP: 23/55 MP: 7/7
  5213 | D:4      | Reached skill level 5 in Fighting
  5406 | D:5      | Entered Level 5 of the Dungeon
  5408 | D:5      | Found Raluby's Food Shop.
  5408 | D:5      | Found Vanaag's Magic Scroll Boutique.
  5417 | D:5      | Bought a scroll of identify for 28 gold pieces
  5417 | D:5      | Bought a scroll of remove curse for 42 gold pieces
  5555 | D:5      | Found Figad's Magic Scroll Boutique.
  5643 | D:5      | Reached skill level 6 in Maces & Flails
  5710 | D:5      | Found Diqos's Gadget Shop.
  6021 | D:5      | Reached XP level 8. HP: 63/63 MP: 8/8
  6217 | D:6      | Found a staircase to the Ecumenical Temple.
  6226 | Temple   | Entered the Ecumenical Temple
  6246 | Temple   | Became a worshipper of Ru the Awakened
  6248 | Temple   | Gained mutation: You have somewhat slow reflexes. (EV -3) [Ru sacrifice]
  6248 | Temple   | Reached * piety under Ru
  6633 | D:6      | Found an iron altar of Okawaru.
  6644 | D:6      | Noticed Blork the orc
  6645 | D:6      | Found an iron altar of Okawaru.
  6658 | D:6      | Killed Blork the orc
  6658 | D:6      | Reached skill level 7 in Maces & Flails
  6725 | D:6      | Found a shadowy altar of Dithmenos.
  7335 | D:7      | Noticed a cyan ugly thing
  7784 | D:7      | HP: 1/64 [orc warrior/glaive (4)]
  8524 | D:7      | Gained mutation: You cannot train Dodging skill. [Ru sacrifice]
  8524 | D:7      | Reached ** piety under Ru
  8609 | D:7      | Noticed yrara's ghost (novice GrGl)
  9056 | D:8      | Reached skill level 8 in Maces & Flails
  9056 | D:8      | Reached skill level 5 in Armour
  9221 | D:8      | Found an ancient bone altar of Kikubaaqudgha.
  9246 | D:8      | Noticed a two-headed ogre
  9247 | D:8      | Found a flagged portal.
  9294 | D:8      | HP: 4/97 [two-headed ogre/giant club (6)]
  9294 | D:8      | HP: 1/97 [two-headed ogre/giant club (3)]
  9296 | D:8      | Slain by a two-headed ogre

Vault maps used:
D:1:      shiori_arrival_oz
D:2:      grunt_temple_overflow_forces_of_nature, grunt_temple_overflow_holy_war
D:3:      first_bread, chequers_ecumenical_altar_simple_redux,
          kennysheep_another_room, cheibriados_altar_wand_db
D:4:      marbit_many_paths
D:5:      serial_shops, shop, shop, shop, shop
D:6:      lemuel_upstairs_altar, lemuel_round_altar, grunt_dithmenos_smoke,
          okawaru_trees_2, uniq_blork_the_orc
D:7:      lemuel_coloured_pillars_altar
D:8:      regret_index_temple_of_mockery, kiku_gazebo_pond_becter,
          enter_bailey_2, serial_shops, nicolae_shop_statue_plus, uniq_joseph
Temple:   jpeg_temple_island

Skill      XL: |  1  2  3  4  5  6  7  8 |
---------------+-------------------------+-----
Maces & Flails | 3 4 5 6 8 |  8.1
Armour         | 1 2 3 4 5 |  5.1
Fighting       | 4 5 6 |  6.4
Dodging        | 0 |  0.0
Stealth        | |  1.7

Action                   |  1- 3 |  4- 6 |  7- 9 || total
-------------------------+-------+-------+-------++-------
Melee: Mace              |   120 |    93 |       ||   213
       Flail             |       |    91 |       ||    91
       Headbutt          |       |    42 |    67 ||   109
       Dagger            |       |    67 |   329 ||   396
       Whip              |       |       |    15 ||    15
Throw: Javelin           |       |       |     3 ||     3
Invok: Sacrifice Health  |       |       |     1 ||     1
       Sacrifice Nimblen |       |       |     1 ||     1
Evoke: Wand              |       |       |     4 ||     4
  Use: Scroll            |       |     4 |     8 ||    12
       Potion            |       |       |     2 ||     2
 Stab: Sleeping          |     7 |     2 |     1 ||    10
       Distracted        |       |       |     1 ||     1
  Eat: Chunk             |     4 |     7 |    12 ||    23
       Pizza             |       |     1 |     1 ||     2
       Beef jerky        |       |       |     1 ||     1
Armor: Robe              |    21 |       |       ||    21
       Leather armour    |     1 |    30 |       ||    31
       Ring mail         |       |    44 |    78 ||   122
       Chain mail        |       |       |    39 ||    39
Dodge: Dodged            |    80 |   160 |   199 ||   439
